 Dungeon Crawl Stone Soup version 0.30-a0-586-g23e55c9e0a (webtiles) character file.

Game seed: 1674908619444299789

13673 drugrobin the Martial Artist (level 11, -1/94 HPs)
             Began as a Demigod Delver on Jan 3, 2023.
             Slain by an unseen horror (5 damage)
             ... on level 11 of the Dungeon on Jan 4, 2023.
             The game lasted 00:36:37 (11616 turns).

drugrobin the Martial Artist (Demigod Delver)      Turns: 11616, Time: 00:36:37

Health: -1/94      AC: 12    Str: 17    XL:     11   Next: 50%
Magic:  0/14       EV: 12    Int: 12    God:
Gold:   436        SH:  4    Dex: 23    Spells: 9/10 levels left

rFire   . . .      SeeInvis .      - Unarmed
rCold   . . .      Faith    .    n - +0 buckler
rNeg    . . .      Spirit   +    R - +0 troll leather armour
rPois   .          Reflect  .    m - +0 helmet
rElec   .          Harm     .    z - scarf {shadows}
rCorr   .          Rampage  +    W - +0 pair of gloves
Will    +....                    Q - +1 pair of boots {rampage}
Stlth   +++                      t - amulet of guardian spirit
HPRegen 1.15/turn                H - ring of wizardry
MPRegen 0.14/turn                v - +4 ring of protection

@: no status effects
A: high MP 1, forlorn, divine attributes
a: no special abilities


You were on level 11 of the Dungeon.
You visited 1 branch of the dungeon, and saw 11 of its levels.
You also visited: Bailey.

You collected 671 gold pieces.
You spent 235 gold pieces at shops.

Inventory:

Hand Weapons
 b - a +1 dagger of venom
 c - a +2 shortbow of electrocution
 d - a +1 shortbow of draining
 E - a +0 short sword of electrocution
Missiles
 r - 13 poisoned darts
 K - 7 javelins (quivered)
Armour
 m - a +0 helmet (worn)
 n - a +0 buckler (worn)
 u - a +3 chain mail
 z - a scarf of shadows (worn)
 P - +0 acid dragon scales
 Q - a +1 pair of boots of rampaging (worn)
 R - a +0 troll leather armour (worn)
 W - a +0 pair of gloves (worn)
Jewellery
 l - a ring of flight
 t - an amulet of guardian spirit (around neck)
 v - a +4 ring of protection (right hand)
 B - a ring of positive energy
 H - a ring of wizardry (left hand)
Wands
 a - a wand of flame (13)
 f - a wand of digging (3)
 J - a wand of mindburst (1)
 N - a wand of paralysis (7)
 T - a wand of polymorph (2)
Scrolls
 g - 6 scrolls of identify
 i - 3 scrolls of vulnerability
 j - 4 scrolls of enchant armour {unknown}
 k - 3 scrolls of fog
 o - 3 scrolls of poison {unknown}
 s - 5 scrolls of teleportation {unknown}
 x - 5 scrolls of blinking {unknown}
 y - 3 scrolls of noise {unknown}
 A - 2 scrolls of enchant weapon {unknown}
 G - 2 scrolls of torment
 I - 2 scrolls of summoning
 O - 3 scrolls of magic mapping
 U - 4 scrolls of fear
Potions
 e - 7 potions of haste
 h - 2 potions of berserk rage {unknown}
 p - a potion of invisibility {unknown}
 q - 2 potions of curing
 w - 2 potions of ambrosia
 C - 2 potions of heal wounds {unknown}
 F - 4 potions of brilliance {unknown}
 L - a potion of resistance {unknown}
 M - 4 potions of flight {unknown}
 S - a potion of lignification {unknown}
 X - 2 potions of cancellation {unknown}
Miscellaneous
 V - a lightning rod (4/4)


   Skills:
 + Level 8.1 Fighting
 - Level 1.7 Dodging
 - Level 4.5 Stealth
 + Level 14.4 Unarmed Combat
 - Level 6.5 Evocations


You had 9 spell levels left.
You knew the following spells:

 Your Spells              Type           Power      Damage    Failure   Level
a - Necrotise             Necr           0%         1d4       22%         1

Your spell library contained the following spells:

 Spells                   Type           Power      Damage    Failure   Level
 Freeze                   Ice            0%         1d3       22%         1
 Ensorcelled Hibernation  Hex/Ice        0%         N/A       32%         2
 Passwall                 Tmut/Erth      0%         N/A       32%         2
 Frozen Ramparts          Ice            0%         1d1       52%         3
 Hailstorm                Conj/Ice       0%         3d3       52%         3
 Inner Flame              Hex/Fire       0%         N/A       52%         3
 Ozocubu's Armour         Ice            0%         N/A       52%         3
 Swiftness                Air            0%         N/A       52%         3
 Vampiric Draining        Necr           0%         2d6       52%         3
 Cause Fear               Hex            0%         N/A       89%         4
 Manifold Assault         Tloc           0%         N/A       89%         4
 Agony                    Necr           0%         N/A       99%         5
 Metabolic Englaciation   Hex/Ice        0%         N/A       99%         5
 Dispersal                Tloc           0%         N/A       100%        6
 Simulacrum               Ice/Necr       0%         N/A       100%        6
 Discord                  Hex            0%         N/A       100%        8
 Disjunction              Tloc           0%         N/A       100%        8


Dungeon Overview and Level Annotations

Branches:
Dungeon (11/15)            Temple (0/1) D:4            Lair (0/5) D:11
 Bailey (visited)
    Orc: D:9-12

Shops:
D:2 *

Annotations:
D:11 1 transporter


Innate Abilities, Weirdness & Mutations

You have an increased reservoir of magic. (+10% MP)
You shall have no god before yourself.
Your divine heritage dramatically boosts your attributes as you level up.


Message History

Unknown command.
Unknown command.
Unknown command.
The sentinel's mark upon you fades away.
Something hits you!
* * * LOW HITPOINT WARNING * * *
Something hits you but does no damage.
Unknown command.
Unknown command.
Unknown command.
Unknown command.
You feel better. Something barely misses you.
The howler monkey hoots and howls with incredible vigour!
Something hits you but does no damage.
Unknown command.
Unknown command.
Unknown command.
Something hits you.
* * * LOW HITPOINT WARNING * * *
The howler monkey hoots and howls with incredible vigour!
Unknown command.
Unknown command.
Unknown command.
Aiming: Iceblast
Press: ? - help, Shift-Dir - straight line The mass of ice explodes!
The iceblast engulfs something!!
The iceblast engulfs something!
The now-empty wand crumbles to dust.
Something hits you.
* * * LOW HITPOINT WARNING * * *
Something hits you!
* * * LOW HITPOINT WARNING * * *
Something hits you but does no damage.
A howler monkey comes into view.
A troll comes into view.
Unknown command.
Unknown command.
Unknown command.
Unknown command.
You closely miss something. Something hits you.
You die...

#....h.#......#.#....##.
#......#...)..#.#.....#.
#.....h#......#.###'###.
#.....h#......#.†.......
#......#......#........>
#.....h#......#.........
#......# #(........
#......##### #.........
#.....{@...# #.........
#..........####...####..
#............T...
.................
................#
#####...........#
#...........#
#######...### ####


You could see a troll and 3 howler monkeys.

Vanquished Creatures
  2 vault guards (Bailey)
  A centaur warrior (D:9)
  A boulder beetle (D:11)
  A two-headed ogre (D:9)
  Amaemon (D:8)
  Pikel (D:5)
  An orange demon (D:8)
  A troll (D:10)
  Prince Ribbit (Bailey)
  2 hornets
  A shadow (D:11)
  16 yaks
  A vampire (D:9)
  6 humans (Bailey)
  3 wraiths
  A steam dragon (D:8)
  2 wargs (D:11)
  Duvessa (D:7)
  2 acid dragons (D:10)
  2 water moccasins
  4 orc warriors
  2 ice beasts (D:8)
  3 ogres
  2 centaurs
  2 phantoms
  10 bullfrogs
  A necrophage (D:5)
  A gnoll sergeant (D:10)
  4 scorpions
  11 wights
  Dowan (D:7)
  2 howler monkeys
  5 jellies
  7 hounds
  An orc priest (D:11)
  A gnoll bouda (D:9)
  3 iguanas
  9 orc wizards
  10 gnolls
  5 adders
  2 shadow imps (D:7)
  A white imp (D:5)
  2 worms
  A dart slug (D:2)
  34 orcs
  6 ball pythons
  4 endoplasms
  3 giant cockroaches
  7 goblins
  9 hobgoblins
  3 jackals (D:1)
  6 kobolds
  4 quokkas
  7 bats
  4 frilled lizards
  6 rats
230 creatures vanquished.

Vanquished Creatures (others)
  2 orcs (D:8)
2 creatures vanquished.

Grand Total: 232 creatures vanquished

Notes
Turn   | Place    | Note
-------+----------+-------------------------------------------
     0 | D:5      | drugrobin the Demigod Delver began the quest for the Orb.
     0 | D:5      | Reached XP level 1. HP: 18/18 MP: 3/3
    30 | D:5      | Noticed a hound
    53 | D:4      | Reached skill level 2 in Unarmed Combat
   180 | D:4      | Found a staircase to the Ecumenical Temple.
   438 | D:1      | Reached XP level 2. HP: 23/25 MP: 4/4
   636 | D:1      | Reached skill level 3 in Unarmed Combat
   816 | D:1      | Reached XP level 3. HP: 30/30 MP: 5/5
  1053 | D:2      | Learned a level 1 spell: Necrotise
  1427 | D:2      | Reached skill level 4 in Unarmed Combat
  1758 | D:2      | Found Gout's General Store.
  1766 | D:2      | Bought 6 poisoned darts for 26 gold pieces
  1766 | D:2      | Bought a wand of paralysis (4) for 105 gold pieces
  1829 | D:3      | Reached XP level 4. HP: 34/37 MP: 4/6
  2582 | D:4      | Reached skill level 5 in Unarmed Combat
  2887 | D:4      | Reached XP level 5. HP: 42/42 MP: 7/7
  3160 | D:5      | Reached skill level 6 in Unarmed Combat
  3281 | D:5      | Reached XP level 6. HP: 48/50 MP: 6/8
  3705 | D:6      | Reached skill level 7 in Unarmed Combat
  3740 | D:6      | Reached XP level 7. HP: 54/56 MP: 9/9
  3853 | D:6      | Reached skill level 8 in Unarmed Combat
  4443 | D:6      | Noticed Pikel
  4521 | D:2      | Bought a scroll of summoning for 104 gold pieces
  4685 | D:5      | Killed Pikel
  4686 | D:5      | Reached skill level 10 in Unarmed Combat
  4686 | D:5      | Reached XP level 8. HP: 61/62 MP: 10/10
  4699 | D:6      | Reached skill level 1 in Evocations
  5166 | D:7      | Found a flagged portal.
  5208 | Bailey   | Entered a bailey
  5406 | Bailey   | Reached XP level 9. HP: 45/68 MP: 7/11
  5418 | Bailey   | Reached skill level 11 in Unarmed Combat
  5530 | Bailey   | Noticed Prince Ribbit
  5531 | Bailey   | Noticed a vault guard
  5534 | Bailey   | Killed Prince Ribbit
  5541 | Bailey   | Killed a vault guard
  5542 | Bailey   | Reached skill level 5 in Evocations
  5597 | Bailey   | Noticed a vault guard
  5611 | Bailey   | HP: 1/68 [vault guard/+0 broad axe (13)]
  5612 | Bailey   | Killed a vault guard
  5613 | Bailey   | Reached skill level 12 in Unarmed Combat
  5963 | D:7      | Noticed Duvessa
  5983 | D:7      | Killed Duvessa
  5984 | D:7      | Reached XP level 10. HP: 74/74 MP: 13/13
  6045 | D:7      | Noticed Dowan
  6458 | D:7      | Killed Dowan
  7157 | D:8      | Reached skill level 13 in Unarmed Combat
  7386 | D:8      | Reached skill level 5 in Fighting
  7457 | D:8      | Noticed Amaemon
  7495 | D:8      | Killed Amaemon
  7744 | D:8      | HP: 3/81 [poisoned by an orange demon]
  8926 | D:9      | Noticed a two-headed ogre
  8933 | D:9      | Killed a two-headed ogre
  8934 | D:9      | Reached XP level 11. HP: 65/89 MP: 10/14
  9021 | D:10     | Entered Level 10 of the Dungeon
  9959 | D:10     | Noticed a two-headed ogre
 10031 | D:9      | Noticed a centaur warrior
 10045 | D:9      | Paralysed by a hornet for 1 turns
 10048 | D:9      | Paralysed by a hornet for 3 turns
 10142 | D:9      | Killed a centaur warrior
 10143 | D:9      | Reached skill level 14 in Unarmed Combat
 10896 | D:10     | a two-headed ogre changed into an iguana
 11171 | D:11     | Found a transporter.
 11181 | D:11     | Found a staircase to the Lair.
 11268 | D:11     | Noticed an ice dragon
 11309 | D:11     | Noticed a boulder beetle
 11338 | D:11     | Killed a boulder beetle
 11609 | D:11     | HP: 3/94 [something (8)]
 11615 | D:11     | HP: 3/94 [something (7)]
 11616 | D:11     | Slain by an unseen horror

Illustrated notes

Levels and vault maps discovered:
D:1:      minmay_arrival_split_and_join, layout_basic
D:2:      layout_loops_ring, serial_rivers, chequers_serial_rivers_micro_b,
          chequers_serial_rivers_micro_c, chequers_serial_rivers_small_a,
          chequers_serial_rivers_small_a, chequers_serial_rivers_marsh,
          serial_shops, shop_fountains, minivault_4,
          chequers_serial_rivers_large_b
D:3:      layout_loops_ring, basic_ecumenical_altar, minmay_misc_feat_plants,
          kennysheep_boxes
D:4:      layout_loops_ring, minmay_temple_entry_glass
D:5:      layout_cave_pools
D:6:      layout_basic, uniq_pikel
D:7:      layout_basic, lemuel_tele_altar, enter_bailey_2,
          hangedman_decor_clover_reticule, kennysheep_generic_room_16,
          uniq_duvessa
D:8:      layout_basic, trog_book, regret_index_temple_of_mockery, uniq_amaemon
D:9:      layout_roguey, minmay_checkerbox
D:10:     layout_basic, chequers_decorated_corner, minmay_misc_feat_x
D:11:     layout_irregular_city, erik_lair_orcish_takeover,
          gammafunk_ghost_berserking_beasts

Skill      XL: |  1  2  3  4  5  6  7  8  9 10 11 |
---------------+----------------------------------+-----
Unarmed Combat | 2 3 4 5 6 7 10 12 13 14 | 14.4
Evocations     | 3 6 |  6.5
Fighting       | 6 8 |  8.1
Dodging        | |  1.7
Stealth        | |  4.5

Action                   |  1- 3 |  4- 6 |  7- 9 | 10-12 || total
-------------------------+-------+-------+-------+-------++-------
Melee: Unarmed           |   151 |   174 |   126 |   420 ||   871
       Short sword       |    19 |       |       |       ||    19
       Punch             |     8 |     6 |     9 |    44 ||    67
       Dagger            |       |     2 |    43 |    47 ||    92
 Fire: Shortbow          |       |       |       |    31 ||    31
Throw: Dart              |     4 |     4 |    13 |     9 ||    30
       Javelin           |       |       |       |     6 ||     6
 Cast: Necrotise         |     3 |       |       |     6 ||     9
Evoke: Wand              |       |     2 |    26 |    15 ||    43
  Use: Scroll            |       |       |     8 |     1 ||     9
       Potion            |       |       |       |     4 ||     4
 Stab: Sleeping          |     9 |       |       |     1 ||    10
       Distracted        |     1 |       |       |     1 ||     2
       Paralysed         |       |       |     9 |    10 ||    19
Armor: Leather armour    |    28 |       |       |       ||    28
       Chain mail        |    17 |    84 |    97 |   110 ||   308
       Troll leather arm |       |       |       |    73 ||    73
Dodge: Dodged            |    91 |    40 |    52 |   149 ||   332
Block: Buckler           |       |       |       |    11 ||    11

Table legend: (Time is in decaauts)
 A = Elapsed time spent in this place.
 B = Non-inter-level travel time spent in this place.
 C = Inter-level travel time spent in this place.
 D = Time resting spent in this place.
 E = Time spent auto-exploring this place.
 F = Levels seen in this place.
 G = Mean time per level.
                   A        B        C        D        E       F      G
               +--------+--------+--------+--------+--------+-----+--------+
         Total |  11499 |  10982 |    517 |   1661 |   6362 |  12 |  958.2 |
       Dungeon |  10781 |  10264 |    517 |   1241 |   6261 |  11 |  980.1 |
        Bailey |    718 |    718 |      0 |    420 |    101 |   1 |  718.0 |
               +--------+--------+--------+--------+--------+-----+--------+

Top non-repeatable levels by time:
     D:8: 1813 daAuts
    D:10: 1601 daAuts
     D:7: 1086 daAuts
     D:6: 1069 daAuts
     D:4: 892 daAuts
     D:2: 860 daAuts
     D:3: 842 daAuts
     D:9: 783 daAuts
     D:5: 754 daAuts
  Bailey: 718 daAuts
     D:1: 628 daAuts
    D:11: 449 daAuts
